 Dungeon Crawl Stone Soup version 0.23.2-1-ga50397a6bc (webtiles) character file.

Game seed: 2127473335232987023

4092 Goodini51 the Bolt Thrower (level 9, -5/72 HPs)
             Began as a Demigod Hunter on May 24, 2019.
             Killed from afar by Erica (24 damage)
             ... with an orb of energy
             ... on level 9 of the Dungeon on May 27, 2019.
             The game lasted 00:50:09 (9537 turns).

Goodini51 the Bolt Thrower (Demigod Hunter)         Turns: 9537, Time: 00:50:09

Health: -5/72      AC:  8    Str: 15    XL:     9   Next: 77%
Magic:  17/17      EV: 15    Int: 15    God:
Gold:   474        SH:  4    Dex: 22    Spells: 13/15 levels left

rFire    . . .     SeeInvis .   l - +2 dagger (venom)
rCold    . . .     Gourm    .   (no shield)
rNeg     . . .     Faith    .   W - +0 scale mail {rPois}
rPois    +         Spirit   .   (no helmet)
rElec    .         Reflect  +   (no cloak)
rCorr    .         Harm     .   n - +1 pair of gloves
MR       +....                  (no boots)
Stlth    ++........             j - +4 amulet of reflection
HPRegen  0.22/turn              D - ring of protection from magic
MPRegen  0.15/turn              N - +3 ring of evasion

@: no status effects
A: high mp 1
a: no special abilities


You were on level 9 of the Dungeon.
You were very hungry.

You visited 1 branch of the dungeon, and saw 10 of its levels.

You collected 474 gold pieces.

Inventory:

Hand Weapons
 a - a +2 hand crossbow
 d - a +2 short sword of flaming
 l - a +2 dagger of venom (weapon)
 Q - a +0 shortbow
 V - a +1 dagger of electrocution
Missiles
 C - 222 arrows
 E - 6 bolts
 P - 8 javelins of penetration
 U - 4 silver javelins (quivered)
Armour
 b - a +2 leather armour of positive energy
 n - a +1 pair of gloves (worn)
 u - a +1 leather armour of fire resistance
 z - the +4 robe "Nedota" {Slay+3}
   (You found it on level 4 of the Dungeon)

   It affects your accuracy and damage with ranged weapons and melee attacks
   (+3).
 F - the cursed +1 scale mail "Qexkat" {+Fly rElec MR+ Str+4}
   (You found it on level 5 of the Dungeon)

   It affects your strength (+4).
   It insulates you from electricity.
   It affects your resistance to hostile enchantments.
   It lets you fly.
   It has a curse placed upon it.
 I - a +1 robe of fire resistance
 W - a +0 scale mail of poison resistance (worn)
Magical Staves
 w - an uncursed staff of fire {unknown}
 Y - an uncursed staff of earth {unknown}
Jewellery
 j - a +4 amulet of reflection (around neck)
 q - an uncursed ring of protection from cold
 A - the ring "Sutwapnu" {Str+4 SInv}
   (You found it on level 4 of the Dungeon)

   [ring of see invisible]

   It affects your strength (+4).
   It lets you see invisible.
 D - a ring of protection from magic (left hand)
 J - an uncursed ring of positive energy {unknown}
 N - a +3 ring of evasion (right hand)
Wands
 y - a wand of acid (9)
 R - a wand of clouds (6)
Scrolls
 g - a scroll of amnesia
 h - 3 scrolls of fog
 i - a scroll of identify
 k - 2 scrolls of enchant weapon
 m - 5 scrolls of remove curse
 p - a scroll of teleportation
 s - a scroll of enchant armour
 v - 3 scrolls of blinking {unknown}
 K - a scroll of immolation {unknown}
 M - 2 scrolls of random uselessness {unknown}
 O - a scroll of silence {unknown}
 S - 2 scrolls of magic mapping {unknown}
Potions
 c - a potion of cancellation {unknown}
 e - a potion of experience {unknown}
 o - a potion of brilliance {unknown}
 r - a potion of invisibility {unknown}
 t - a potion of flight {unknown}
 x - 3 potions of magic {unknown}
 B - a potion of resistance {unknown}
 G - 4 potions of haste
 H - 2 potions of lignification {unknown}
 L - a potion of mutation {unknown}
 T - a potion of agility {unknown}
Comestibles
 f - 10 rations


   Skills:
 + Level 4.5 Fighting
 + Level 5.0 Short Blades
 * Level 4.3 Bows
 + Level 6.7 Crossbows
 + Level 0.2 Throwing
 + Level 2.4 Armour
 + Level 4.4 Dodging
 + Level 5.0 Stealth
 * Level 3.6 Spellcasting
 * Level 3.3 Air Magic


You had 13 spell levels left.
You knew the following spells:

 Your Spells              Type           Power        Failure   Level  Hunger
a - Swiftness             Chrm/Air       #.......     50%         2    ##.....

Your spell library contained the following spells:

 Spells                   Type           Power        Failure   Level  Hunger
 Shock                    Conj/Air       #...         36%         1    None
 Static Discharge         Conj/Air       #.......     73%         3    ###....
 Airstrike                Air            ##........   88%         4    ####...
 Lightning Bolt           Conj/Air       #.........   100%        5    ######.


Dungeon Overview and Level Annotations

Branches:
Dungeon (10/15)            Temple (0/1) D:5
   Lair: D:8-11         Orc: D:9-12

Annotations:
D:4 Grinder
D:9 Erica


Innate Abilities, Weirdness & Mutations

You have an increased reservoir of magic. (+10% MP)


Message History

You hit Erica.
Erica is severely wounded.
You block Erica's attack.
You hit Erica.
Erica looks as sick as possible!
Erica is severely wounded.
Erica hits you with a +2 scimitar of flaming!
Erica burns you.
You hit Erica but do no damage.
Erica looks as sick as possible!
Erica is severely wounded.
You closely miss Erica.
Erica is severely wounded.
Erica hits you with a +2 scimitar of flaming.
* * * LOW HITPOINT WARNING * * *
Erica burns you.
* * * LOW HITPOINT WARNING * * *
You closely miss Erica.
Erica is severely wounded.
Erica casts a spell at you. The orb of energy hits you!!
You die...

######.### .. ....#.#
####.### #.##....#.#
#....... . #.........
#....... ...
..#....#####....... ....
##.#................
.....##.......#####.......
..........@...# ########
.....##..@....#
.........##.### .........#
# ###.####.# #.#.<#.#
#.#.##.## #.#.....#
#.......# #######.#


You could see Erica.

Vanquished Creatures
  Pikel (D:5)
  A hippogriff (D:8)
  Sigmund (D:6)
  2 yaks (D:9)
  A wyvern (D:8)
  Grum (D:8)
  Menkaure (D:4)
  3 ice beasts
  2 sky beasts (D:6)
  2 ogres
  A phantom (D:4)
  3 wolves
  3 centaurs
  A crocodile (D:9)
  4 bullfrogs
  A wyvern zombie (D:5)
  A scorpion (D:8)
  A killer bee (D:9)
  A howler monkey (D:8)
  3 crimson imps
  A centaur zombie (D:6)
  A jelly (D:8)
  A bullfrog zombie (D:8)
  2 hounds
  5 orc priests
  An orc wizard (D:5)
  3 iguanas
  3 worker ants
  A hound zombie (D:6)
  A worker ant zombie (D:6)
  4 gnolls (D:7)
  8 adders
  3 shadow imps
  2 oozes (D:1)
  2 adder skeletons
  3 worms
  6 dart slugs
  2 leopard geckos
  19 orcs
  7 giant cockroaches
  7 goblins
  12 hobgoblins
  9 jackals
  9 kobolds
  6 quokkas
  10 bats
  8 frilled lizards
  A leopard gecko skeleton (D:4)
  A quokka skeleton (D:5)
  9 rats
  2 plants (D:2)
183 creatures vanquished.

Vanquished Creatures (others)
  25 fungi (D:9)
  7 plants (D:9)
32 creatures vanquished.

Grand Total: 215 creatures vanquished

Notes
Turn   | Place    | Note
-------+----------+-------------------------------------------
     0 | D:1      | Goodini51 the Demigod Hunter began the quest for the Orb.
     0 | D:1      | Reached XP level 1. HP: 17/17 MP: 3/3
    56 | D:1      | Reached skill level 4 in Crossbows
    59 | D:1      | Reached XP level 2. HP: 21/24 MP: 4/4
   403 | D:1      | Reached XP level 3. HP: 29/29 MP: 5/5
   920 | D:2      | Found an opulent altar of Gozag.
  1227 | D:2      | Reached XP level 4. HP: 13/37 MP: 6/6
  1673 | D:2      | Reached skill level 1 in Stealth
  2114 | D:3      | Found a glowing silver altar of Zin.
  2171 | D:3      | Reached skill level 1 in Short Blades
  2428 | D:3      | Reached skill level 1 in Armour
  2641 | D:3      | Reached XP level 5. HP: 42/42 MP: 7/7
  2877 | D:4      | Noticed a phantom
  2881 | D:4      | Killed a phantom
  2881 | D:4      | Reached skill level 5 in Crossbows
  3096 | D:4      | Got a tattered robe
  3136 | D:4      | Noticed an ogre
  3223 | D:4      | Identified the +4 robe "Nedota" {Slay+3} (You found it on
                  | level 4 of the Dungeon)
  3292 | D:4      | Got a bound silver ring
  3298 | D:4      | Killed an ogre
  3298 | D:4      | Reached XP level 6. HP: 50/50 MP: 8/8
  3400 | D:4      | Noticed Menkaure
  3410 | D:4      | Killed Menkaure
  3655 | D:4      | Found an iron altar of Okawaru.
  3679 | D:4      | Noticed Grinder
  3712 | D:5      | Entered Level 5 of the Dungeon
  3791 | D:5      | Identified the ring "Sutwapnu" {Str+4 SInv} (You found it
                  | on level 4 of the Dungeon)
  3882 | D:5      | Found a staircase to the Ecumenical Temple.
  3917 | D:5      | Reached XP level 7. HP: 49/57 MP: 9/9
  4152 | D:5      | Got a brightly glowing scale mail
  4153 | D:5      | Identified the cursed +1 scale mail "Qexkat" {+Fly rElec
                  | MR+ Str+4} (You found it on level 5 of the Dungeon)
  4334 | D:5      | Found a radiant altar of Vehumet.
  4336 | D:5      | Found a shimmering altar of Xom.
  4341 | D:5      | Found a burning altar of Makhleb.
  4341 | D:5      | Found an ancient bone altar of Kikubaaqudgha.
  4435 | D:5      | Noticed Pikel
  4454 | D:5      | Killed Pikel
  4454 | D:5      | Reached skill level 6 in Crossbows
  4454 | D:5      | Reached skill level 1 in Spellcasting
  4454 | D:5      | Reached XP level 8. HP: 32/66 MP: 9/13
  5450 | D:6      | Learned a level 2 spell: Swiftness
  5697 | D:6      | Noticed Sigmund
  5710 | D:6      | Killed Sigmund
  5826 | D:7      | Found a deep blue altar of Sif Muna.
  6024 | D:7      | Reached skill level 1 in Air Magic
  6094 | D:7      | Reached skill level 5 in Stealth
  6381 | D:8      | Noticed a two-headed ogre
  6436 | D:8      | Reached XP level 9. HP: 67/71 MP: 16/16
  6505 | D:8      | Reached skill level 1 in Bows
  7492 | D:8      | Noticed Grum
  7882 | D:8      | Killed Grum
  7882 | D:8      | Reached skill level 5 in Short Blades
  8480 | D:10     | Entered Level 10 of the Dungeon
  8496 | D:10     | Noticed a two-headed ogre
  8845 | D:9      | Noticed Erica
  9537 | D:9      | Killed from afar by Erica

Skill      XL: |  1  2  3  4  5  6  7  8  9 |
---------------+----------------------------+-----
Crossbows      | 4 5 6 |  6.7
Fighting       | 2 3 4 |  4.5
Dodging        | 2 3 4 |  4.4
Stealth        | 1 3 5 |  5.0
Short Blades   | 1 2 3 4 5 |  5.0
Armour         | 1 2 |  2.4
Spellcasting   | 1 2 3 |  3.6
Air Magic      | 1 3 |  3.3
Bows           | 4 |  4.3
Throwing       | |  0.2

Action                   |  1- 3 |  4- 6 |  7- 9 || total
-------------------------+-------+-------+-------++-------
Melee: Short sword       |    85 |     9 |    92 ||   186
       Dagger            |       |   154 |   224 ||   378
 Fire: Hand crossbow     |    52 |    42 |    19 ||   113
       Shortbow          |       |       |    95 ||    95
Throw: Javelin           |       |       |     7 ||     7
 Cast: Swiftness         |       |       |     1 ||     1
  Use: Scroll            |     5 |     7 |     9 ||    21
       Potion            |       |       |     4 ||     4
 Stab: Sleeping          |       |     1 |     6 ||     7
       Distracted        |       |       |     1 ||     1
  Eat: Chunk             |     1 |     8 |     7 ||    16
       Ration            |       |       |     3 ||     3
Armor: Leather armour    |     2 |       |       ||     2
       Ring mail         |    31 |    35 |       ||    66
       Robe              |       |     7 |    66 ||    73
       Scale mail        |       |       |     7 ||     7
Dodge: Dodged            |    71 |    53 |   209 ||   333
Block: Other             |    20 |    15 |    52 ||    87
       Reflection        |     1 |       |       ||     1
